Panthers vs Rangers

Created - October 9 2011 at 12:33

Goals
1 2 3 T
Panthers 1 1 0 2
Rangers 0 4 2 6
Shots
1 2 3 T
Panthers 4 6 13 23
Rangers 10 13 16 39

Period #1

1. Panthers , Andrew MacDonald 2 (Christopher Higgins, Dave Bolland) at 14:56 (PP)

Penalties :
Francis Bouillon (NYR) for Hooking (Minor) at 2:06, Ryan OByrne (FLA) for Hooking (Minor) at 6:56, Ian White (NYR) for Hooking (Minor) at 10:07, Francis Bouillon (NYR) for Holding (Minor) at 13:11

Period #2

2. Rangers , Andrei Kostitsyn 1 (Henrik Sedin, Lubomir Visnovsky) at 0:19
3. Rangers , Ryan Jones 1 (Lubomir Visnovsky) at 2:52
4. Panthers , Christopher Higgins 2 (Ryan OByrne, Anton Volchenkov) at 3:08
5. Rangers , Nikolai Zherdev 1 (Francis Bouillon, Scott Gomez) at 11:24
6. Rangers , Nikolai Kulemin 1 (Henrik Sedin) at 13:20

Penalties :
Dan Cleary (NYR) for Tripping (Minor) at 0:45, Anton Volchenkov (FLA) for Holding (Minor) at 4:06, Nikolai Zherdev (NYR) for Interference (Minor) at 6:23, Ryan OByrne (FLA) for Roughing (Minor) at 17:19

Period #3

7. Rangers , Scott Gomez 2 (Mark Recchi, Lubomir Visnovsky) at 6:06
8. Rangers , Dan Cleary 1 (Mike Cammalleri, Mikko Koivu) at 12:07

Penalties :
Lubomir Visnovsky (NYR) for Fighting (Major) at 0:15, Brad Stuart (FLA) for Fighting (Major) at 0:15, Francis Bouillon (NYR) for Cross-checking (Minor) at 13:52

Goalie Stats

Corey Crawford (FLA), 29 saves from 35 shots - (0.829), L, 0-2-0, 52:07 minutes
Devan Dubnyk (FLA), 4 saves from 4 shots - (1.000), 7:53 minutes
Niklas Backstrom (NYR), 21 saves from 23 shots - (0.913), W, 2-0-0, 60:00 minutes

Players Stats

Panthers
Player Name              G  A  P  +/- PIM S  H  SB FO    MP 
------------------------------------------------------------
Andrew Brunette          0  0  0   0  0   2  1  0  0/0   5  
Andrew MacDonald         1  0  1  -3  0   3  0  2  0/0   24 
Andy Greene              0  0  0  -1  0   2  0  1  0/0   20 
Andy Sutton              0  0  0   0  0   0  0  0  0/0   0  
Anton Volchenkov         0  1  1  -1  2   0  0  0  0/0   18 
Brad Stuart              0  0  0  -2  5   0  3  1  0/0   20 
Chris Drury              0  0  0  -1  0   1  0  1  4/5   17 
Christopher Higgins      1  1  2  -2  0   3  1  0  1/2   20 
Cory Stillman            0  0  0  -1  0   0  1  0  0/1   19 
Dave Bolland             0  1  1  -3  0   0  1  1  14/24 19 
David Steckel            0  0  0  -1  0   0  3  0  7/15  15 
Jason Garrison           0  0  0  -1  0   1  0  0  0/0   20 
Matt Cullen              0  0  0  -1  0   4  3  0  0/1   14 
Mike Santorelli          0  0  0  -1  0   2  1  0  11/31 21 
Ryan OByrne              0  1  1  -1  4   0  1  1  0/0   15 
Ryan Smyth               0  0  0  -3  0   2  0  0  0/1   21 
Sam Gagner               0  0  0  -3  0   1  0  0  0/1   17 
Sergei Shirokov          0  0  0   0  0   2  1  0  0/1   10 
Rangers
Player Name              G  A  P  +/- PIM S  H  SB FO    MP 
------------------------------------------------------------
Andrei Kostitsyn         1  0  1   2  0   2  1  0  1/2   12 
Dan Cleary               1  0  1   1  2   6  2  0  0/0   13 
Francis Bouillon         0  1  1   0  6   1  0  1  0/0   17 
Guillaume Latendresse    0  0  0   0  0   5  0  0  2/2   14 
Henrik Sedin             0  2  2   2  0   0  0  0  13/23 18 
Ian White                0  0  0   1  2   3  0  0  0/0   15 
Jay Bouwmeester          0  0  0   3  0   0  2  1  0/0   25 
Keith Ballard            0  0  0   0  0   1  1  1  0/0   18 
Lubomir Visnovsky        0  3  3   4  5   1  0  1  0/0   23 
Mark Recchi              0  1  1   2  0   1  1  0  0/0   10 
Mike Cammalleri          0  1  1   1  0   6  1  0  1/1   19 
Mike Weaver              0  0  0   1  0   1  3  1  0/0   20 
Mikko Koivu              0  1  1   1  0   2  1  1  11/15 18 
Nikolai Kulemin          1  0  1   2  0   3  2  0  0/0   12 
Nikolai Zherdev          1  0  1   0  2   3  1  0  0/0   14 
Ryan Jones               1  0  1   2  0   1  3  0  0/0   10 
Scott Gomez              1  1  2   1  0   3  0  0  15/25 20 
Tom Pyatt                0  0  0   2  0   0  1  0  2/14  10 

3 Stars

1 - Ryan Jones (NYR)
2 - Nikolai Kulemin (NYR)
3 - Scott Gomez (NYR)

Power Play

Panthers - 1 on 6 Attempt(s) - 16.67%
Rangers - 0 on 3 Attempt(s) - 0.00%

Penalty Kill

Panthers - 3 on 3 Attempt(s) - 100.00% - Score 0 goal in Penalty Kill
Rangers - 5 on 6 Attempt(s) - 83.33% - Score 0 goal in Penalty Kill

Game Notes

Brad Stuart beats up Lubomir Visnovsky at 0:15 of 3rd period
Devan Dubnyk enters game at 12:07 of 3rd period

Finance

Level 1 -- Attendance: 3774 (58.06%) -- Ticket Income $471,750.00
Level 2 -- Attendance: 2733 (54.66%) -- Ticket Income $204,975.00
Level 3 -- Attendance: 2021 (57.74%) -- Ticket Income $101,050.00
Level 4 -- Attendance: 1638 (74.45%) -- Ticket Income $40,950.00
Luxury Box -- Attendance: 639 (63.90%) -- Ticket Income $159,750.00
Game was played at the Madison Square Garden
Total Attendance: 10805 (59.37%)
Total Ticket Income: $1,007,775.00
Other Income: $215,487.90
Total Income: $1,223,263.00


Play by Play

Period #1

0:01 of 1st period - Henrik Sedin wins face-off versus Dave Bolland in neutral zone.
0:17 of 1st period - Shot by Henrik Sedin.
0:17 of 1st period - Shot Blocked by Brad Stuart.
0:45 of 1st period - Lubomir Visnovsky is hit by Dave Bolland and loses puck.
0:49 of 1st period - Icing by Lubomir Visnovsky.
0:50 of 1st period - Mike Santorelli wins face-off versus Henrik Sedin in Rangers zone.
1:20 of 1st period - Icing by Ian White.
1:21 of 1st period - Mikko Koivu wins face-off versus David Steckel in Rangers zone.
1:42 of 1st period - Shot by Christopher Higgins.
1:42 of 1st period - Stopped by Niklas Backstrom with a rebound.
1:48 of 1st period - Shot by Ian White.
1:48 of 1st period - Stopped by Corey Crawford with a rebound.
1:50 of 1st period - Shot by Mike Weaver.
1:50 of 1st period - Stopped by Corey Crawford without a rebound.
1:51 of 1st period - Mike Santorelli wins face-off versus Scott Gomez in Panthers zone.
2:06 of 1st period - Minor Penalty to Francis Bouillon for Hooking.
2:07 of 1st period - Dave Bolland wins face-off versus Henrik Sedin in Rangers zone.
2:16 of 1st period - Shot by Ryan Smyth.
2:16 of 1st period - Stopped by Niklas Backstrom without a rebound.
2:17 of 1st period - Scott Gomez wins face-off versus Mike Santorelli in Rangers zone.
2:54 of 1st period - Off-side.
2:55 of 1st period - Scott Gomez wins face-off versus Dave Bolland in neutral zone.
4:56 of 1st period - Brad Stuart is hit by Tom Pyatt and loses puck.
6:03 of 1st period - Shot by Guillaume Latendresse.
6:03 of 1st period - Shot Misses the Net.
6:36 of 1st period - Icing by Mike Weaver.
6:37 of 1st period - Mikko Koivu wins face-off versus Chris Drury in Rangers zone.
6:46 of 1st period - Shot by Mike Cammalleri.
6:46 of 1st period - Stopped by Corey Crawford with a rebound.
6:48 of 1st period - Shot by Mike Weaver.
6:48 of 1st period - Shot Blocked by Chris Drury.
6:52 of 1st period - Shot by Mikko Koivu.
6:52 of 1st period - Shot Misses the Net.
6:56 of 1st period - Shot by Dan Cleary.
6:56 of 1st period - Stopped by Corey Crawford without a rebound.
6:56 of 1st period - Minor Penalty to Ryan OByrne for Hooking.
6:57 of 1st period - Andrei Kostitsyn wins face-off versus Dave Bolland in Panthers zone.
8:02 of 1st period - Shot by Dan Cleary.
8:02 of 1st period - Stopped by Corey Crawford without a rebound.
8:03 of 1st period - Dave Bolland wins face-off versus Mikko Koivu in Panthers zone.
9:16 of 1st period - Shot by Nikolai Zherdev.
9:16 of 1st period - Deflect By Guillaume Latendresse.
9:16 of 1st period - Stopped by Corey Crawford without a rebound.
9:17 of 1st period - Mike Santorelli wins face-off versus Tom Pyatt in Panthers zone.
10:02 of 1st period - Shot by Scott Gomez.
10:02 of 1st period - Stopped by Corey Crawford without a rebound.
10:03 of 1st period - Dave Bolland wins face-off versus Mikko Koivu in Panthers zone.
10:07 of 1st period - Minor Penalty to Ian White for Hooking.
10:08 of 1st period - Henrik Sedin wins face-off versus Dave Bolland in Rangers zone.
10:37 of 1st period - Shot by Ryan Smyth.
10:37 of 1st period - Stopped by Niklas Backstrom with a rebound.
11:06 of 1st period - Icing by Anton Volchenkov.
11:07 of 1st period - Mike Santorelli wins face-off versus Scott Gomez in Panthers zone.
11:21 of 1st period - Mike Santorelli is hit by Mike Weaver and loses puck.
13:11 of 1st period - Minor Penalty to Francis Bouillon for Holding.
13:12 of 1st period - Dave Bolland wins face-off versus Scott Gomez in Rangers zone.
13:52 of 1st period - Icing by Sergei Shirokov.
13:53 of 1st period - Henrik Sedin wins face-off versus Mike Santorelli in Panthers zone.
14:54 of 1st period - Shot by Andrew MacDonald.
14:54 of 1st period - Shot Misses the Net.
14:56 of 1st period - Shot by Andrew MacDonald.
14:56 of 1st period - Goal by Andrew MacDonald - Panthers : 1 - Rangers : 0.
14:57 of 1st period - David Steckel wins face-off versus Tom Pyatt in neutral zone.
15:18 of 1st period - Shot by Mark Recchi.
15:18 of 1st period - Stopped by Corey Crawford without a rebound.
15:19 of 1st period - Scott Gomez wins face-off versus Mike Santorelli in Panthers zone.
15:19 of 1st period - Francis Bouillon is hit by Brad Stuart and loses puck.
15:46 of 1st period - Shot by Francis Bouillon.
15:46 of 1st period - Shot Misses the Net.
17:12 of 1st period - Shot by Matt Cullen.
17:12 of 1st period - Shot Misses the Net.
17:31 of 1st period - Shot by Nikolai Kulemin.
17:31 of 1st period - Stopped by Corey Crawford without a rebound.
17:32 of 1st period - Mike Santorelli wins face-off versus Tom Pyatt in Panthers zone.
17:38 of 1st period - Icing by Brad Stuart.
17:39 of 1st period - Tom Pyatt wins face-off versus Mike Santorelli in Panthers zone.
17:40 of 1st period - Shot by Lubomir Visnovsky.
17:40 of 1st period - Stopped by Corey Crawford with a rebound.

Period #2

0:01 of 2nd period - Dave Bolland wins face-off versus Henrik Sedin in neutral zone.
0:09 of 2nd period - Shot by Andrew MacDonald.
0:09 of 2nd period - Shot Misses the Net.
0:19 of 2nd period - Shot by Andrei Kostitsyn.
0:19 of 2nd period - Goal by Andrei Kostitsyn - Panthers : 1 - Rangers : 1.
0:20 of 2nd period - Mikko Koivu wins face-off versus Matt Cullen in neutral zone.
0:20 of 2nd period - Mikko Koivu is hit by Matt Cullen.
0:45 of 2nd period - Minor Penalty to Dan Cleary for Tripping.
0:46 of 2nd period - Dave Bolland wins face-off versus Henrik Sedin in Rangers zone.
0:46 of 2nd period - Cory Stillman is hit by Keith Ballard and loses puck.
0:51 of 2nd period - Shot by Dave Bolland.
0:51 of 2nd period - Shot Misses the Net.
0:55 of 2nd period - Shot by Andrew MacDonald.
0:55 of 2nd period - Stopped by Niklas Backstrom without a rebound.
0:56 of 2nd period - Scott Gomez wins face-off versus Mike Santorelli in Rangers zone.
1:54 of 2nd period - Dave Bolland is hit by Mike Weaver and loses puck.
2:52 of 2nd period - Shot by Ryan Jones.
2:52 of 2nd period - Goal by Ryan Jones - Panthers : 1 - Rangers : 2.
2:53 of 2nd period - Scott Gomez wins face-off versus David Steckel in neutral zone.
3:08 of 2nd period - Shot by Christopher Higgins.
3:08 of 2nd period - Goal by Christopher Higgins - Panthers : 2 - Rangers : 2.
3:09 of 2nd period - David Steckel wins face-off versus Tom Pyatt in neutral zone.
3:49 of 2nd period - Icing by Christopher Higgins.
3:50 of 2nd period - Mikko Koivu wins face-off versus David Steckel in Panthers zone.
4:04 of 2nd period - Mike Cammalleri is hit by Ryan OByrne and loses puck.
4:06 of 2nd period - Minor Penalty to Anton Volchenkov for Holding.
4:07 of 2nd period - Dave Bolland wins face-off versus Mikko Koivu in Panthers zone.
5:04 of 2nd period - Shot by Mike Cammalleri.
5:04 of 2nd period - Stopped by Corey Crawford without a rebound.
5:05 of 2nd period - Henrik Sedin wins face-off versus Sam Gagner in Panthers zone.
5:18 of 2nd period - Shot by Lubomir Visnovsky.
5:18 of 2nd period - Shot Hit the Post.
5:20 of 2nd period - Shot by Henrik Sedin.
5:20 of 2nd period - Shot Misses the Net.
5:28 of 2nd period - Shot by Mike Cammalleri.
5:28 of 2nd period - Deflect By Dan Cleary.
5:28 of 2nd period - Stopped by Corey Crawford with a rebound.
6:23 of 2nd period - Minor Penalty to Nikolai Zherdev for Interference.
6:24 of 2nd period - Mike Santorelli wins face-off versus Scott Gomez in Rangers zone.
6:27 of 2nd period - Shot by Sam Gagner.
6:27 of 2nd period - Shot Misses the Net.
6:29 of 2nd period - Shot by Jason Garrison.
6:29 of 2nd period - Shot Misses the Net.
6:33 of 2nd period - Shot by Andy Greene.
6:33 of 2nd period - Shot Misses the Net.
6:35 of 2nd period - Shot by Andy Greene.
6:35 of 2nd period - Stopped by Niklas Backstrom with a rebound.
6:37 of 2nd period - Shot by Jason Garrison.
6:37 of 2nd period - Deflect By Mike Santorelli.
6:37 of 2nd period - Shot Misses the Net.
6:39 of 2nd period - Shot by Andy Greene.
6:39 of 2nd period - Shot Blocked by Mike Weaver.
6:47 of 2nd period - Shot by Andy Greene.
6:47 of 2nd period - Shot Misses the Net.
6:49 of 2nd period - Shot by Andy Greene.
6:49 of 2nd period - Deflect By Sam Gagner.
6:49 of 2nd period - Shot Misses the Net.
8:07 of 2nd period - Shot by Sergei Shirokov.
8:07 of 2nd period - Stopped by Niklas Backstrom without a rebound.
8:08 of 2nd period - Scott Gomez wins face-off versus Dave Bolland in Rangers zone.
8:14 of 2nd period - Icing by Christopher Higgins.
8:15 of 2nd period - Dave Bolland wins face-off versus Scott Gomez in Panthers zone.
8:27 of 2nd period - Matt Cullen is hit by Ryan Jones and loses puck.
8:47 of 2nd period - Shot by Matt Cullen.
8:47 of 2nd period - Stopped by Niklas Backstrom without a rebound.
8:48 of 2nd period - Scott Gomez wins face-off versus Sergei Shirokov in Rangers zone.
8:48 of 2nd period - Scott Gomez is hit by Andrew Brunette.
9:30 of 2nd period - Off-side.
9:31 of 2nd period - Henrik Sedin wins face-off versus Ryan Smyth in neutral zone.
9:31 of 2nd period - Henrik Sedin is hit by Matt Cullen.
10:41 of 2nd period - Icing by Anton Volchenkov.
10:42 of 2nd period - Mikko Koivu wins face-off versus Christopher Higgins in Panthers zone.
10:45 of 2nd period - Shot by Mike Cammalleri.
10:45 of 2nd period - Stopped by Corey Crawford without a rebound.
10:46 of 2nd period - Dave Bolland wins face-off versus Mikko Koivu in Panthers zone.
10:46 of 2nd period - Dave Bolland is hit by Mikko Koivu.
11:06 of 2nd period - Shot by Mike Cammalleri.
11:06 of 2nd period - Stopped by Corey Crawford without a rebound.
11:07 of 2nd period - Scott Gomez wins face-off versus David Steckel in Panthers zone.
11:14 of 2nd period - Shot by Nikolai Zherdev.
11:14 of 2nd period - Stopped by Corey Crawford with a rebound.
11:18 of 2nd period - Shot by Guillaume Latendresse.
11:18 of 2nd period - Stopped by Corey Crawford with a rebound.
11:20 of 2nd period - Shot by Scott Gomez.
11:20 of 2nd period - Shot Blocked by Ryan OByrne.
11:24 of 2nd period - Shot by Nikolai Zherdev.
11:24 of 2nd period - Goal by Nikolai Zherdev - Panthers : 2 - Rangers : 3.
11:25 of 2nd period - Mikko Koivu wins face-off versus Mike Santorelli in neutral zone.
12:12 of 2nd period - Francis Bouillon is hit by Mike Santorelli and loses puck.
12:20 of 2nd period - Icing by Keith Ballard.
12:21 of 2nd period - Scott Gomez wins face-off versus David Steckel in Rangers zone.
12:42 of 2nd period - Guillaume Latendresse is hit by David Steckel and loses puck.
13:16 of 2nd period - Icing by Brad Stuart.
13:17 of 2nd period - Henrik Sedin wins face-off versus Dave Bolland in Panthers zone.
13:20 of 2nd period - Shot by Nikolai Kulemin.
13:20 of 2nd period - Goal by Nikolai Kulemin - Panthers : 2 - Rangers : 4.
13:21 of 2nd period - Henrik Sedin wins face-off versus Mike Santorelli in neutral zone.
13:21 of 2nd period - Lubomir Visnovsky is hit by Brad Stuart and loses puck.
13:37 of 2nd period - Icing by Jay Bouwmeester.
13:38 of 2nd period - Henrik Sedin wins face-off versus Dave Bolland in Rangers zone.
14:13 of 2nd period - Shot by Sam Gagner.
14:13 of 2nd period - Stopped by Niklas Backstrom without a rebound.
14:14 of 2nd period - Mikko Koivu wins face-off versus Mike Santorelli in Rangers zone.
14:57 of 2nd period - Shot by Dan Cleary.
14:57 of 2nd period - Shot Blocked by Andy Greene.
15:08 of 2nd period - Icing by Andy Greene.
15:09 of 2nd period - Mike Santorelli wins face-off versus Tom Pyatt in Panthers zone.
15:09 of 2nd period - Mike Santorelli is hit by Ryan Jones.
16:50 of 2nd period - Icing by Scott Gomez.
16:51 of 2nd period - David Steckel wins face-off versus Scott Gomez in Rangers zone.
17:19 of 2nd period - Minor Penalty to Ryan OByrne for Roughing.
17:20 of 2nd period - Dave Bolland wins face-off versus Henrik Sedin in Panthers zone.
17:20 of 2nd period - Dave Bolland is hit by Dan Cleary.
17:32 of 2nd period - Shot by Lubomir Visnovsky.
17:32 of 2nd period - Shot Misses the Net.
17:36 of 2nd period - Shot by Henrik Sedin.
17:36 of 2nd period - Shot Misses the Net.
17:40 of 2nd period - Shot by Dan Cleary.
17:40 of 2nd period - Stopped by Corey Crawford without a rebound.
17:41 of 2nd period - Dave Bolland wins face-off versus Andrei Kostitsyn in Panthers zone.
17:41 of 2nd period - Dave Bolland is hit by Andrei Kostitsyn.
17:59 of 2nd period - Shot by Mikko Koivu.
17:59 of 2nd period - Deflect By Nikolai Kulemin.
17:59 of 2nd period - Stopped by Corey Crawford without a rebound.
18:00 of 2nd period - Chris Drury wins face-off versus Henrik Sedin in Panthers zone.
18:00 of 2nd period - Chris Drury is hit by Dan Cleary.
19:12 of 2nd period - Shot by Andrei Kostitsyn.
19:12 of 2nd period - Stopped by Corey Crawford with a rebound.
19:14 of 2nd period - Shot by Jay Bouwmeester.
19:14 of 2nd period - Shot Blocked by Andrew MacDonald.
19:45 of 2nd period - Off-side.
19:46 of 2nd period - Guillaume Latendresse wins face-off versus Mike Santorelli in neutral zone.

Period #3

0:01 of 3rd period - Dave Bolland wins face-off versus Henrik Sedin in neutral zone.
0:15 of 3rd period - Brad Stuart beats up Lubomir Visnovsky.
0:15 of 3rd period - Penalty to Lubomir Visnovsky for Fighting.
0:15 of 3rd period - Penalty to Brad Stuart for Fighting.
0:16 of 3rd period - Mikko Koivu wins face-off versus Mike Santorelli in neutral zone.
0:25 of 3rd period - Shot by Mike Cammalleri.
0:25 of 3rd period - Shot Misses the Net.
0:27 of 3rd period - Shot by Mike Cammalleri.
0:27 of 3rd period - Stopped by Corey Crawford without a rebound.
0:28 of 3rd period - Chris Drury wins face-off versus Scott Gomez in Panthers zone.
0:28 of 3rd period - Chris Drury is hit by Nikolai Zherdev.
0:56 of 3rd period - Shot by Guillaume Latendresse.
0:56 of 3rd period - Stopped by Corey Crawford without a rebound.
0:57 of 3rd period - Dave Bolland wins face-off versus Henrik Sedin in Panthers zone.
2:12 of 3rd period - Shot by Guillaume Latendresse.
2:12 of 3rd period - Stopped by Corey Crawford without a rebound.
2:13 of 3rd period - Mike Santorelli wins face-off versus Tom Pyatt in Panthers zone.
2:23 of 3rd period - Icing by Francis Bouillon.
2:24 of 3rd period - Tom Pyatt wins face-off versus Mike Santorelli in Rangers zone.
2:24 of 3rd period - Tom Pyatt is hit by Matt Cullen.
2:34 of 3rd period - Shot by Mark Recchi.
2:34 of 3rd period - Shot Misses the Net.
2:38 of 3rd period - Shot by Ian White.
2:38 of 3rd period - Stopped by Corey Crawford without a rebound.
2:39 of 3rd period - Scott Gomez wins face-off versus David Steckel in Panthers zone.
2:48 of 3rd period - Shot by Guillaume Latendresse.
2:48 of 3rd period - Stopped by Corey Crawford with a rebound.
2:50 of 3rd period - Shot by Francis Bouillon.
2:50 of 3rd period - Stopped by Corey Crawford without a rebound.
2:51 of 3rd period - Mikko Koivu wins face-off versus Mike Santorelli in Panthers zone.
3:10 of 3rd period - Shot by Mikko Koivu.
3:10 of 3rd period - Stopped by Corey Crawford without a rebound.
3:11 of 3rd period - Christopher Higgins wins face-off versus Tom Pyatt in Panthers zone.
4:13 of 3rd period - Keith Ballard is hit by Cory Stillman and loses puck.
4:36 of 3rd period - Shot by Matt Cullen.
4:36 of 3rd period - Stopped by Niklas Backstrom with a rebound.
4:38 of 3rd period - Shot by Matt Cullen.
4:38 of 3rd period - Shot Blocked by Keith Ballard.
4:40 of 3rd period - Shot by Jason Garrison.
4:40 of 3rd period - Deflect By Matt Cullen.
4:40 of 3rd period - Shot Misses the Net.
4:44 of 3rd period - Shot by Mike Santorelli.
4:44 of 3rd period - Stopped by Niklas Backstrom without a rebound.
4:45 of 3rd period - Henrik Sedin wins face-off versus Dave Bolland in Rangers zone.
4:54 of 3rd period - Dave Bolland is hit by Nikolai Kulemin and loses puck.
5:15 of 3rd period - Shot by Nikolai Kulemin.
5:15 of 3rd period - Shot Misses the Net.
5:17 of 3rd period - Shot by Jay Bouwmeester.
5:17 of 3rd period - Shot Blocked by Dave Bolland.
5:21 of 3rd period - Shot by Nikolai Kulemin.
5:21 of 3rd period - Shot Blocked by Andrew MacDonald.
5:23 of 3rd period - Shot by Nikolai Kulemin.
5:23 of 3rd period - Shot Misses the Net.
5:47 of 3rd period - Andrew MacDonald is hit by Mark Recchi.
5:51 of 3rd period - Ryan Smyth is hit by Ryan Jones and loses puck.
6:06 of 3rd period - Shot by Scott Gomez.
6:06 of 3rd period - Goal by Scott Gomez - Panthers : 2 - Rangers : 5.
6:07 of 3rd period - Mikko Koivu wins face-off versus Mike Santorelli in neutral zone.
6:16 of 3rd period - Shot by Dan Cleary.
6:16 of 3rd period - Shot Misses the Net.
6:27 of 3rd period - Mike Santorelli is hit by Mike Weaver.
6:37 of 3rd period - Shot by Andy Greene.
6:37 of 3rd period - Stopped by Niklas Backstrom with a rebound.
6:39 of 3rd period - Shot by Matt Cullen.
6:39 of 3rd period - Stopped by Niklas Backstrom without a rebound.
6:40 of 3rd period - Scott Gomez wins face-off versus Mike Santorelli in Rangers zone.
7:06 of 3rd period - Shot by Brad Stuart.
7:06 of 3rd period - Shot Blocked by Francis Bouillon.
7:08 of 3rd period - Shot by Andrew Brunette.
7:08 of 3rd period - Stopped by Niklas Backstrom with a rebound.
7:10 of 3rd period - Shot by Sergei Shirokov.
7:10 of 3rd period - Stopped by Niklas Backstrom with a rebound.
7:12 of 3rd period - Shot by Mike Santorelli.
7:12 of 3rd period - Stopped by Niklas Backstrom without a rebound.
7:13 of 3rd period - Chris Drury wins face-off versus Henrik Sedin in Rangers zone.
7:17 of 3rd period - Matt Cullen is hit by Jay Bouwmeester.
7:26 of 3rd period - Matt Cullen is hit by Jay Bouwmeester and loses puck.
8:45 of 3rd period - Off-side.
8:46 of 3rd period - David Steckel wins face-off versus Scott Gomez in neutral zone.
8:49 of 3rd period - Scott Gomez is hit by David Steckel and loses puck.
9:08 of 3rd period - Shot by Nikolai Zherdev.
9:08 of 3rd period - Shot Misses the Net.
9:10 of 3rd period - Shot by Keith Ballard.
9:10 of 3rd period - Stopped by Corey Crawford with a rebound.
9:12 of 3rd period - Shot by Scott Gomez.
9:12 of 3rd period - Stopped by Corey Crawford without a rebound.
9:13 of 3rd period - Mike Santorelli wins face-off versus Tom Pyatt in Panthers zone.
9:19 of 3rd period - Icing by Jay Bouwmeester.
9:20 of 3rd period - Mike Santorelli wins face-off versus Tom Pyatt in Rangers zone.
9:29 of 3rd period - Shot by Andrew Brunette.
9:29 of 3rd period - Stopped by Niklas Backstrom without a rebound.
9:30 of 3rd period - Henrik Sedin wins face-off versus David Steckel in Rangers zone.
9:30 of 3rd period - Henrik Sedin is hit by Christopher Higgins.
9:41 of 3rd period - Lubomir Visnovsky is hit by David Steckel.
9:53 of 3rd period - Shot by Chris Drury.
9:53 of 3rd period - Shot Blocked by Jay Bouwmeester.
9:56 of 3rd period - Icing by Jay Bouwmeester.
9:57 of 3rd period - Henrik Sedin wins face-off versus Dave Bolland in Rangers zone.
10:46 of 3rd period - Dan Cleary is hit by Brad Stuart and loses puck.
10:51 of 3rd period - Shot by Dan Cleary.
10:51 of 3rd period - Shot Misses the Net.
10:53 of 3rd period - Shot by Mikko Koivu.
10:53 of 3rd period - Stopped by Corey Crawford without a rebound.
10:54 of 3rd period - Scott Gomez wins face-off versus Mike Santorelli in Panthers zone.
10:57 of 3rd period - Shot by Guillaume Latendresse.
10:57 of 3rd period - Shot Misses the Net.
11:09 of 3rd period - Shot by Cory Stillman.
11:09 of 3rd period - Deflect By Matt Cullen.
11:09 of 3rd period - Shot Misses the Net.
11:11 of 3rd period - Shot by Jason Garrison.
11:11 of 3rd period - Shot Misses the Net.
11:21 of 3rd period - Shot by Matt Cullen.
11:21 of 3rd period - Stopped by Niklas Backstrom without a rebound.
11:22 of 3rd period - David Steckel wins face-off versus Tom Pyatt in Rangers zone.
11:39 of 3rd period - Shot by Chris Drury.
11:39 of 3rd period - Stopped by Niklas Backstrom without a rebound.
11:40 of 3rd period - Mikko Koivu wins face-off versus Mike Santorelli in Rangers zone.
12:07 of 3rd period - Shot by Dan Cleary.
12:07 of 3rd period - Goal by Dan Cleary - Panthers : 2 - Rangers : 6.
12:07 of 3rd period - Devan Dubnyk enters game.
12:08 of 3rd period - Scott Gomez wins face-off versus David Steckel in neutral zone.
12:10 of 3rd period - Off-side.
12:11 of 3rd period - David Steckel wins face-off versus Scott Gomez in neutral zone.
13:52 of 3rd period - Minor Penalty to Francis Bouillon for Cross-checking.
13:53 of 3rd period - Henrik Sedin wins face-off versus Mike Santorelli in Rangers zone.
14:04 of 3rd period - Shot by Sam Gagner.
14:04 of 3rd period - Shot Hit the Post.
14:06 of 3rd period - Shot by Mike Santorelli.
14:06 of 3rd period - Shot Blocked by Mikko Koivu.
14:10 of 3rd period - Shot by Sam Gagner.
14:10 of 3rd period - Deflect By Sergei Shirokov.
14:10 of 3rd period - Shot Misses the Net.
14:12 of 3rd period - Shot by Jason Garrison.
14:12 of 3rd period - Stopped by Niklas Backstrom without a rebound.
14:13 of 3rd period - Henrik Sedin wins face-off versus Cory Stillman in Rangers zone.
14:56 of 3rd period - Icing by Jason Garrison.
14:57 of 3rd period - Mike Cammalleri wins face-off versus Mike Santorelli in Panthers zone.
15:18 of 3rd period - Shot by Sam Gagner.
15:18 of 3rd period - Shot Misses the Net.
15:20 of 3rd period - Shot by Jason Garrison.
15:20 of 3rd period - Shot Blocked by Lubomir Visnovsky.
15:30 of 3rd period - Dave Bolland is hit by Mike Cammalleri and loses puck.
15:37 of 3rd period - Shot by Andrew MacDonald.
15:37 of 3rd period - Stopped by Niklas Backstrom without a rebound.
15:38 of 3rd period - Scott Gomez wins face-off versus Mike Santorelli in Rangers zone.
15:38 of 3rd period - Scott Gomez is hit by Sergei Shirokov.
16:14 of 3rd period - Shot by Lubomir Visnovsky.
16:14 of 3rd period - Shot Misses the Net.
16:46 of 3rd period - Shot by Ian White.
16:46 of 3rd period - Stopped by Devan Dubnyk without a rebound.
16:47 of 3rd period - Guillaume Latendresse wins face-off versus Mike Santorelli in Panthers zone.
16:56 of 3rd period - Shot by Nikolai Zherdev.
16:56 of 3rd period - Stopped by Devan Dubnyk without a rebound.
16:57 of 3rd period - Scott Gomez wins face-off versus Dave Bolland in Panthers zone.
17:27 of 3rd period - Shot by Dave Bolland.
17:27 of 3rd period - Shot Misses the Net.
18:07 of 3rd period - Shot by Dan Cleary.
18:07 of 3rd period - Stopped by Devan Dubnyk without a rebound.
18:08 of 3rd period - Chris Drury wins face-off versus Henrik Sedin in Panthers zone.
18:08 of 3rd period - Chris Drury is hit by Nikolai Kulemin.
18:22 of 3rd period - Shot by Christopher Higgins.
18:22 of 3rd period - Stopped by Niklas Backstrom without a rebound.
18:23 of 3rd period - David Steckel wins face-off versus Tom Pyatt in Rangers zone.
18:53 of 3rd period - Icing by Lubomir Visnovsky.
18:54 of 3rd period - Dave Bolland wins face-off versus Tom Pyatt in Rangers zone.
19:05 of 3rd period - Shot by Ryan Smyth.
19:05 of 3rd period - Shot Hit the Post.
19:46 of 3rd period - Shot by Mikko Koivu.
19:46 of 3rd period - Shot Misses the Net.
19:50 of 3rd period - Shot by Mike Cammalleri.
19:50 of 3rd period - Stopped by Devan Dubnyk without a rebound.
19:51 of 3rd period - Mike Santorelli wins face-off versus Scott Gomez in Panthers zone.


Output by the SimonT Hockey Simulator (STHS) for Stephane Roy -- Original Page W3C XHTML 1.0 Valid